 Dungeon Sprint DCSS version 0.30.0-29-ga12c61a403 (webtiles) character file.

Game seed: 16536692733549712063

10100000 Revguard the Conqueror (level 26, -7/266 HPs)
             Began as a Ghoul Gladiator on June 8, 2023.
             Was the Champion of Makhleb.
             Killed by divine providence
             ... invoked by an observer
              (10 damage)
             ... in the Dungeon (Sprint VIII: "Arena of Blood").
             The game lasted 00:07:07 (101 turns).

Revguard the Conqueror (Ghoul Gladiator)             Turns: 101, Time: 00:07:08

Health: -7/266     AC:  8    Str: 22    XL:     26   Next: 34%
Magic:  19/44      EV: 30    Int:  3    God:    Makhleb [******]
Gold:   0          SH:  0    Dex: 18    Spells: 61/61 levels left

rFire   . . .        k - +∞ Axe of Woe
rCold   + . .        (shield currently unavailable)
rNeg    + + +        b - +0 leather armour
rPois   ∞            c - +0 helmet
rElec   .            (no cloak)
rCorr   .            (no gloves)
SInv    .            (no boots)
Will    +....        (no amulet)
Stlth   +++++++++    (no ring)
HPRegen 0.00/turn    (no ring)
MPRegen 0.29/turn

%: no teleportation
@: inhibited regen
A: claws 1, cold resistance 1, negative energy resistance 3, inhibited
regeneration, torment resistance 2, devour on kill
a: Renounce Religion, Minor Destruction, Lesser Servant of Makhleb, Major
Destruction, Greater Servant of Makhleb


You were in the Dungeon.
You worshipped Makhleb.
Makhleb was exalted by your worship.
You visited 1 branch

Inventory:

Hand Weapons
 a - a +0 war axe
 k - the +∞ Axe of Woe (weapon)
   (You found it in the Dungeon)
Missiles
 d - 3 throwing nets (quivered)
 e - a javelin
Armour
 b - a +0 leather armour (worn)
 c - a +0 helmet (worn)
Scrolls
 j - a scroll of blinking
Potions
 f - a potion of curing
 g - a potion of heal wounds
 h - a potion of haste
 i - 2 potions of magic


   Skills:
 O Level 27 Fighting
 + Level 19.4(22.5) Short Blades
 + Level 19.5(22.6) Long Blades
 O Level 27 Axes
 + Level 19.7(27) Maces & Flails
 + Level 19.6(27) Polearms
 + Level 19.5(25.3) Staves
 + Level 19.6 Ranged Weapons
 + Level 19.6 Throwing
 O Level 27 Armour
 O Level 27 Dodging
 + Level 24.4 Stealth
 + Level 19.5 Shields
 + Level 22.9 Unarmed Combat
 + Level 18.1 Spellcasting
 + Level 18.1 Conjurations
 + Level 18.1 Hexes
 + Level 19.4 Summonings
 + Level 21.2 Necromancy
 + Level 19.6 Translocations
 + Level 19.7 Transmutations
 + Level 18.2 Fire Magic
 + Level 22.8 Ice Magic
 + Level 18.2 Air Magic
 + Level 22.9 Earth Magic
 O Level 27 Invocations


You had 61 spell levels left.
You didn't know any spells.
Your spell library was empty.

Dungeon Overview and Level Annotations

Branches:
Dungeon (1/1)

Altars:
Makhleb


Innate Abilities, Weirdness & Mutations

You are immune to poison.
You have sharp fingernails.
Your flesh is cold resistant. (rC+)
You are immune to negative energy. (rN+++)
You do not regenerate when monsters are visible.
You are immune to unholy pain and torment.
You thrive by killing the living.


Message History

Your Conjurations skill increases to level 18!
Your Hexes skill increases to level 18!
A bag of meat and a tyrant come into view.
The accursed appears out of thin air!
An accursed comes into view.
The bag of meat shouts!
The meat beast barks!
You hear two shouts!
You hear a shout! x3; You hear a hideous shriek!
You hear a shout! x2
The meat berserker rages.
You hear a shout! x2
A destroyer comes into view. It is wielding a +9 heavy great sword.
You hear a shout! x2; You feel something staring at you.
A bolt of fire appears from out of thin air!
Deactivating autopickup; reactivate with Ctrl-A.
The bolt of fire hits you!!!
You hear a shout!
The accursed is engulfed in blazing flames.
The accursed gestures at you while chanting.
Something smites you!
You hear a shout! x4 2 meat berserkers come into view.
Okay, then.
A meat berserker, a destroyer and 2 bags of meat come into view.
The destroyer is wielding a +9 heavy great sword.
The destroyer shouts!
The meat beast gurgles horribly!
You hear a shout! x2
The meat berserker shouts!
You hear a roar!
You hear a shout! x2
The meat berserker hits you with a +9 battleaxe!!!!
* * * LOW HITPOINT WARNING * * *
You feel something staring at you.
A fireball appears from out of thin air!
The fireball explodes!
The fireball engulfs you!!
* * * LOW HITPOINT WARNING * * *
The fireball engulfs the meat berserker!!!
You hear a shout! x2
The tyrant mumbles some strange words.
The tyrant seems to speed up.
You hear a shout! x2
A bag of meat comes into view. It is wielding a +9 war axe.
You hear a shout!
You feel something staring at you. Something smites you!
You die...

o...... .§O.......
..2........
......... z
#{......# .#oo
#.......#
oVOV.###.§.....###.
VOL...O@§)###......
O.#...O.{§)_).O....
#.z.....#)))).#....
.......§#°°<._# .
#.......#)§...#
..#......M○_.....
..........###..M...
....###... ..###.
.... #... ..#


You could see a meat beast (fast), a tyrant (fast), 3 destroyers, a sculptor of
flesh, 2 large bags of meat, 5 meat berserkers and 3 bags of meat.

Vanquished Creatures
  A hell beast (D)
  A royal mummy (D)
  2 wraiths (D)
  24 ogres (D)
  6 two-headed ogres (D)
  3 liches (D)
  A hydra (D)
  3 phantoms (D)
  26 orcs (D)
  3 skeletal warriors (D)
70 creatures vanquished.

Notes
Turn   | Place    | Note
-------+----------+-------------------------------------------
     0 | D        | Found the +∞ Axe of Woe
     0 | D        | Revguard the Ghoul Gladiator began the quest for the Orb.
     0 | D        | Reached XP level 1. HP: 17/17 MP: 0/0
     1 | D        | Noticed a bag of meat
     1 | D        | Noticed a bag of meat
     2 | D        | Noticed a meat berserker
     3 | D        | Became a worshipper of Makhleb the Destroyer
     3 | D        | Noticed a bag of meat
     3 | D        | Noticed a bag of meat
     6 | D        | Noticed a bag of meat
     7 | D        | Noticed a bag of meat
     7 | D        | Killed a meat berserker
     8 | D        | Reached skill level 15 in Fighting
     8 | D        | Reached XP level 2. HP: 48/48 MP: 0/9
     8 | D        | Reached XP level 3. HP: 55/55 MP: 0/10
     8 | D        | Reached XP level 4. HP: 62/62 MP: 0/12
     8 | D        | Reached XP level 5. HP: 69/69 MP: 0/13
     8 | D        | Reached XP level 6. HP: 77/77 MP: 0/15
     8 | D        | Reached XP level 7. HP: 83/83 MP: 0/16
     8 | D        | Reached XP level 8. HP: 91/91 MP: 0/18
     8 | D        | Reached XP level 9. HP: 97/97 MP: 0/19
     8 | D        | Reached XP level 10. HP: 105/105 MP: 0/20
     8 | D        | Reached XP level 11. HP: 112/112 MP: 0/21
     8 | D        | Reached XP level 12. HP: 119/119 MP: 0/22
     8 | D        | Noticed a meat berserker
     8 | D        | Noticed a bag of meat
     9 | D        | Killed a bag of meat
     9 | D        | Reached * piety under Makhleb
     9 | D        | Noticed a bag of meat
    10 | D        | Killed a bag of meat
    10 | D        | Killed a bag of meat
    10 | D        | Killed a bag of meat
    10 | D        | Reached ** piety under Makhleb
    10 | D        | Killed a bag of meat
    10 | D        | Noticed a meat berserker
    11 | D        | Reached XP level 13. HP: 138/138 MP: 0/25
    11 | D        | Reached XP level 14. HP: 146/146 MP: 0/26
    12 | D        | Killed a meat berserker
    12 | D        | Killed a meat berserker
    12 | D        | Reached *** piety under Makhleb
    12 | D        | Noticed a bag of meat
    13 | D        | Reached XP level 15. HP: 160/160 MP: 1/28
    16 | D        | Reached **** piety under Makhleb
    17 | D        | Reached XP level 16. HP: 172/172 MP: 1/30
    22 | D        | Noticed a meat berserker
    23 | D        | Noticed a meat berserker
    24 | D        | Noticed a meat berserker
    26 | D        | Noticed a large bag of meat
    26 | D        | Noticed a large bag of meat
    27 | D        | Killed a meat berserker
    28 | D        | Noticed a large bag of meat
    29 | D        | Killed a meat berserker
    29 | D        | Reached ***** piety under Makhleb
    29 | D        | Killed a meat berserker
    30 | D        | Reached XP level 17. HP: 161/190 MP: 4/33
    31 | D        | Noticed an eight-headed meat hydra
    33 | D        | Reached skill level 27 in Fighting
    33 | D        | Killed a nine-headed meat hydra
    33 | D        | Killed a large bag of meat
    33 | D        | Killed a large bag of meat
    34 | D        | Reached skill level 27 in Invocations
    34 | D        | Reached XP level 18. HP: 142/200 MP: 5/34
    36 | D        | Noticed a sculptor of flesh
    37 | D        | Killed a large bag of meat
    37 | D        | Noticed a meat berserker
    38 | D        | Reached skill level 27 in Axes
    38 | D        | Reached skill level 27 in Armour
    38 | D        | Reached skill level 27 in Dodging
    38 | D        | Reached skill level 1 in Short Blades
    38 | D        | Reached skill level 1 in Long Blades
    38 | D        | Reached skill level 1 in Maces & Flails
    38 | D        | Reached skill level 1 in Polearms
    38 | D        | Reached skill level 1 in Staves
    38 | D        | Reached skill level 1 in Ranged Weapons
    38 | D        | Reached skill level 1 in Shields
    38 | D        | Reached skill level 1 in Spellcasting
    38 | D        | Reached skill level 1 in Conjurations
    38 | D        | Reached skill level 1 in Hexes
    38 | D        | Reached skill level 1 in Summonings
    38 | D        | Reached skill level 1 in Necromancy
    38 | D        | Reached skill level 1 in Translocations
    38 | D        | Reached skill level 1 in Transmutations
    38 | D        | Reached skill level 1 in Fire Magic
    38 | D        | Reached skill level 1 in Air Magic
    38 | D        | Noticed a sculptor of flesh
    38 | D        | Noticed a meat berserker
    38 | D        | Noticed a sculptor of flesh
    38 | D        | Noticed a large bag of meat
    39 | D        | Noticed a meat berserker
    40 | D        | Noticed a meat berserker
    43 | D        | Killed a meat berserker
    44 | D        | Reached skill level 5 in Stealth
    44 | D        | Reached XP level 19. HP: 158/207 MP: 7/35
    45 | D        | Reached skill level 5 in Unarmed Combat
    45 | D        | Reached skill level 5 in Ice Magic
    45 | D        | Reached skill level 5 in Earth Magic
    45 | D        | Killed a meat berserker
    45 | D        | Reached ****** piety under Makhleb
    45 | D        | Noticed a meat berserker
    46 | D        | Reached skill level 5 in Short Blades
    46 | D        | Reached skill level 5 in Long Blades
    46 | D        | Reached skill level 5 in Maces & Flails
    46 | D        | Reached skill level 5 in Polearms
    46 | D        | Reached skill level 5 in Staves
    46 | D        | Reached skill level 5 in Ranged Weapons
    46 | D        | Reached skill level 5 in Throwing
    46 | D        | Reached skill level 5 in Shields
    46 | D        | Reached skill level 5 in Summonings
    46 | D        | Reached skill level 5 in Necromancy
    46 | D        | Reached skill level 5 in Translocations
    46 | D        | Reached skill level 5 in Transmutations
    46 | D        | Killed a meat berserker
    46 | D        | Noticed a meat berserker
    47 | D        | Reached skill level 5 in Spellcasting
    47 | D        | Reached skill level 5 in Conjurations
    47 | D        | Reached skill level 5 in Hexes
    47 | D        | Reached skill level 5 in Fire Magic
    47 | D        | Reached skill level 5 in Air Magic
    47 | D        | Killed a sculptor of flesh
    47 | D        | Noticed a tyrant
    48 | D        | Killed a meat berserker
    48 | D        | Noticed a meat berserker
    49 | D        | Reached XP level 20. HP: 216/216 MP: 8/36
    49 | D        | Noticed an accursed
    49 | D        | Killed a meat berserker
    49 | D        | Noticed a meat berserker
    50 | D        | Reached skill level 10 in Stealth
    50 | D        | Killed a meat berserker
    51 | D        | Reached skill level 10 in Unarmed Combat
    51 | D        | Reached skill level 10 in Ice Magic
    51 | D        | Reached skill level 10 in Earth Magic
    53 | D        | Noticed a meat berserker
    54 | D        | Reached skill level 10 in Necromancy
    54 | D        | Noticed a tyrant
    54 | D        | Killed a tyrant
    54 | D        | Noticed a meat berserker
    55 | D        | Reached XP level 21. HP: 224/224 MP: 9/37
    55 | D        | Killed a meat berserker
    56 | D        | Reached skill level 10 in Short Blades
    56 | D        | Reached skill level 10 in Long Blades
    56 | D        | Reached skill level 10 in Maces & Flails
    56 | D        | Reached skill level 10 in Polearms
    56 | D        | Reached skill level 10 in Staves
    56 | D        | Reached skill level 10 in Ranged Weapons
    56 | D        | Reached skill level 10 in Throwing
    56 | D        | Reached skill level 10 in Shields
    56 | D        | Reached skill level 10 in Summonings
    56 | D        | Reached skill level 10 in Translocations
    56 | D        | Reached skill level 10 in Transmutations
    57 | D        | Killed a meat berserker
    59 | D        | Killed a meat berserker
    59 | D        | Noticed a meat berserker
    60 | D        | Reached skill level 10 in Spellcasting
    60 | D        | Reached skill level 10 in Conjurations
    60 | D        | Reached skill level 10 in Hexes
    60 | D        | Reached skill level 10 in Fire Magic
    60 | D        | Reached skill level 10 in Air Magic
    60 | D        | Killed an accursed
    60 | D        | Noticed a meat berserker
    61 | D        | Reached skill level 15 in Stealth
    61 | D        | Reached XP level 22. HP: 233/233 MP: 10/38
    61 | D        | Killed a tyrant
    64 | D        | Reached skill level 15 in Unarmed Combat
    64 | D        | Reached skill level 15 in Earth Magic
    65 | D        | Reached skill level 15 in Ice Magic
    67 | D        | Noticed a large bag of meat
    70 | D        | Noticed a dread
    71 | D        | Reached skill level 15 in Necromancy
    72 | D        | Noticed a dread
    73 | D        | Reached XP level 23. HP: 225/240 MP: 13/39
    74 | D        | Noticed a meat beast
    75 | D        | Killed a large bag of meat
    75 | D        | Noticed a large bag of meat
    78 | D        | Killed a dread
    79 | D        | Reached skill level 15 in Short Blades
    79 | D        | Reached skill level 15 in Long Blades
    79 | D        | Reached skill level 15 in Maces & Flails
    79 | D        | Reached skill level 15 in Polearms
    79 | D        | Reached skill level 15 in Staves
    79 | D        | Reached skill level 15 in Ranged Weapons
    79 | D        | Reached skill level 15 in Throwing
    79 | D        | Reached skill level 15 in Shields
    79 | D        | Reached skill level 15 in Summonings
    79 | D        | Reached skill level 15 in Translocations
    79 | D        | Reached skill level 15 in Transmutations
    79 | D        | Reached XP level 24. HP: 242/249 MP: 14/40
    79 | D        | Killed a meat beast
    80 | D        | Reached skill level 15 in Spellcasting
    80 | D        | Reached skill level 15 in Conjurations
    80 | D        | Reached skill level 15 in Hexes
    80 | D        | Reached skill level 15 in Fire Magic
    80 | D        | Reached skill level 15 in Air Magic
    80 | D        | Noticed a tyrant
    81 | D        | Killed a dread
    83 | D        | Reached XP level 25. HP: 257/257 MP: 15/42
    84 | D        | Killed a large bag of meat
    89 | D        | Noticed a large bag of meat
    89 | D        | Noticed an accursed
    94 | D        | Reached XP level 26. HP: 255/266 MP: 17/43
    95 | D        | Noticed a meat beast
    97 | D        | Killed a large bag of meat
    99 | D        | Killed a tyrant
    99 | D        | Noticed a meat beast
    99 | D        | Noticed a meat beast
   100 | D        | Noticed a tyrant
   100 | D        | Noticed a destroyer
   101 | D        | Noticed an accursed
   101 | D        | Noticed a destroyer
   101 | D        | HP: 3/266 [something/fireball (32)]
   101 | D        | Killed from afar by an observer

Illustrated notes

Levels and vault maps discovered:
D:        meatsprint

Skill      XL: |  1  2  3  4  5  6  7  8  9 10 11 12 13 14 15 16 17 18 19 20 21 22 23 24 25 26 |
---------------+-------------------------------------------------------------------------------+-----
Fighting       | 15 19 21 23 26 27 | 27.0
Axes           | 12 16 18 20 23 26 27 | 27.0
Armour         | 12 16 18 19 22 26 27 | 27.0
Dodging        | 12 16 18 20 23 26 27 | 27.0
Invocations    | 14 19 21 23 26 27 | 27.0
Short Blades   | 3 7 9 11 13 15 17 18 19 | 19.4
Long Blades    | 3 7 9 11 13 15 17 19 | 19.5
Maces & Flails | 3 7 9 12 14 15 17 19 | 19.7
Polearms       | 3 7 9 11 13 15 17 19 | 19.6
Staves         | 3 7 9 12 14 15 17 19 | 19.5
Ranged Weapons | 3 7 9 12 14 15 17 19 | 19.6
Stealth        | 5 9 12 15 17 19 22 23 24 | 24.4
Shields        | 3 7 9 11 13 15 17 19 | 19.5
Unarmed Combat | 4 8 11 14 16 18 20 22 | 22.9
Spellcasting   | 3 6 8 11 12 14 16 17 18 | 18.1
Conjurations   | 3 6 8 10 12 14 16 17 18 | 18.1
Hexes          | 3 6 9 11 13 14 16 17 18 | 18.1
Summonings     | 3 7 9 11 13 15 17 18 19 | 19.4
Necromancy     | 4 7 10 13 15 17 19 20 21 | 21.2
Translocations | 3 7 9 12 14 15 17 19 | 19.6
Transmutations | 3 7 9 12 14 15 17 19 | 19.7
Fire Magic     | 3 6 8 11 12 14 16 17 18 | 18.2
Ice Magic      | 4 8 11 13 16 18 20 22 | 22.8
Air Magic      | 3 6 9 11 12 14 16 17 18 | 18.2
Earth Magic    | 4 8 11 14 16 18 20 22 | 22.9
Throwing       | 3 7 9 11 14 15 17 19 | 19.6

Action                     |  1- 3 |  4- 6 |  7- 9 | 10-12 | 13-15 | 16-18 | 19-21 | 22-24 | 25-27 || total
---------------------------+-------+-------+-------+-------+-------+-------+-------+-------+-------++-------
  Melee: Executioner's axe |     1 |       |       |     2 |     3 |    10 |    14 |    13 |    12 ||    55
 Invoke: Greater Servant o |       |       |       |       |       |     1 |       |       |       ||     1
  Dodge: Dodged            |       |       |       |     1 |     1 |       |       |       |     4 ||     6
